 Dungeon Crawl Stone Soup version 0.29-a0-271-gd4eb659eea (webtiles) character file.

Game seed: 13201900661973199731

1124 siradein the Caller (level 8, -3/66 HPs)
             Began as a Yellow Draconian Summoner on Mar 8, 2022.
             Slain by a yak (15 damage)
             ... on level 5 of the Dungeon.
             The game lasted 00:15:20 (6028 turns).

siradein the Caller (Yellow Draconian Summoner)     Turns: 6028, Time: 00:15:21

Health: -3/66      AC:  7    Str: 11    XL:     8   Next: 13%
Magic:  6/14       EV: 13    Int: 18    God:
Gold:   291        SH:  0    Dex: 11    Spells: 5/15 levels left

rFire   . . .      SeeInvis .   y - +0 flail
rCold   . . .      Faith    .   (no shield)
rNeg    . . .      Spirit   .   (body armour unavailable)
rPois   .          Reflect  .   t - +1 hat
rElec   .          Harm     .   (no cloak)
rCorr   +          Rampage  .   (no gloves)
Will    +....                   (no boots)
Stlth   ++........              (no amulet)
HPRegen 0.21/turn               o - +4 ring of slaying
MPRegen 0.14/turn               r - ring of willpower

@: short of breath
A: spit acid, AC +6, unfitting armour, cold-blooded, acid resistance
a: Breathe Acid


You were on level 5 of the Dungeon.
You visited 1 branch of the dungeon, and saw 5 of its levels.

You collected 291 gold pieces.

Inventory:

Hand Weapons
 y - a +0 flail (weapon)
Missiles
 s - 2 throwing nets
Armour
 t - a +1 hat (worn)
Jewellery
 o - a +4 ring of slaying (left hand)
 r - a ring of willpower (right hand)
Wands
 x - a wand of iceblast (10)
Scrolls
 b - a scroll of brand weapon {unknown}
 d - a scroll of enchant armour {unknown}
 e - a scroll of vulnerability {unknown}
 g - 2 scrolls of identify {unknown}
 j - 4 scrolls of teleportation {unknown}
 k - 2 scrolls of fear
 m - 2 scrolls of amnesia {unknown}
 n - 2 scrolls of immolation {unknown}
 q - a scroll of blinking {unknown}
 u - a scroll of magic mapping {unknown}
 w - a scroll of enchant weapon {unknown}
Potions
 a - a potion of magic
 c - 3 potions of curing
 f - a potion of cancellation {unknown}
 h - a potion of haste {unknown}
 i - 2 potions of ambrosia {unknown}
 l - 3 potions of attraction {unknown}
 p - a potion of degeneration {unknown}
 v - a potion of mutation {unknown}


   Skills:
 + Level 4.2 Fighting
 + Level 3.6 Maces & Flails
 + Level 4.0 Dodging
 - Level 1.7 Stealth
 + Level 4.1 Spellcasting
 + Level 5.8 Summonings
 + Level 2.7 Necromancy


You had 5 spell levels left.
You knew the following spells:

 Your Spells              Type           Power      Damage    Failure   Level
a - Summon Small Mammal   Summ           96%        N/A       1%          1
b - Call Imp              Summ           24%        N/A       1%          2
c - Call Canine Familiar  Summ           24%        N/A       4%          3
d - Dispel Undead         Necr           13%        3d9       43%         4

Your spell library contained the following spells:

 Spells                   Type           Power      Damage    Failure   Level
 Summon Guardian Golem    Hex/Summ       14%        N/A       13%         3
 Freeze                   Ice            12%        1d4       14%         1
 Sandblast                Erth           6%         2d5       14%         1
 Ensorcelled Hibernation  Hex/Ice        6%         N/A       22%         2
 Passwall                 Tmut/Erth      2%         N/A       22%         2
 Static Discharge         Conj/Air       3%         N/A       22%         2
 Confusing Touch          Hex            3%         N/A       41%         3
 Frozen Ramparts          Ice            6%         1d2       41%         3
 Spider Form              Tmut/Pois      3%         N/A       41%         3
 Stone Arrow              Conj/Erth      6%         3d7       41%         3
 Summon Lightning Spire   Summ/Air       14%        N/A       41%         4
 Anguish                  Hex/Necr       4%         N/A       63%         4
 Hailstorm                Conj/Ice       3%         3d3       82%         4
 Sticky Flame             Conj/Fire      3%         2d3       82%         4
 Yara's Violent Unravell  Hex/Tmut       1%         3d3       99%         5
 Enfeeble                 Hex            1%         N/A       100%        7


Dungeon Overview and Level Annotations

Branches:
Dungeon (5/15)
 Temple: D:4-7

Altars:


Innate Abilities, Weirdness & Mutations

You can spit globs of acid.
Your golden yellow scales are hard. (AC +6)
You cannot fit into any form of body armour.
You are cold-blooded and may be slowed by cold attacks.
You are resistant to acid. (rCorr)


Message History

Your hound completely misses the yak.
Your crimson imp blinks!
The yak gores you! The yak gores you.
Your hound bites the yak.
The yak barely misses you. The yak gores your hound!
You are too injured to fight recklessly!
You are too injured to fight recklessly!
Unknown command.
The yak attacks as you move away! The yak closely misses you.
Your hound bites the yak. x2; The yak completely misses your hound.
You hit the yak.
The yak is lightly wounded.
Your hound closely misses the yak.
Your crimson imp hits the yak but does no damage.
The yak misses your hound. The yak misses you.
Your hound bites the yak but does no damage.
You sock the yak!
Your tail-slap misses the yak.
The yak is heavily wounded.
Your hound completely misses the yak.
Your crimson imp hits the yak.
The yak gores you!
* * * LOW HITPOINT WARNING * * *
The yak gores your hound!
Your hound dies!
Your hound's corpse disappears in a puff of smoke!
The yak bellows!
Your crimson imp hits the yak.
Press: ? - help, Shift-Dir - straight line, f - yak
Aim: a yak (heavily wounded, 78% to hit)
You spit a glob of acid.
The glob of acid hits the yak!
The acid splashes onto the yak!
The yak is splashed with acid!
The yak is severely wounded.
The yak gores you.
* * * LOW HITPOINT WARNING * * *
Unknown command.
Casting: Call Canine Familiar (dangerous; 4% risk of failure)
Confirm with . or Enter, or press ? or * to list all spells.
You don't know that spell.
Casting: Call Canine Familiar (dangerous; 4% risk of failure)
Confirm with . or Enter, or press ? or * to list all spells.
The yak gores you!
You die...

#####..........#
##.#.
###....######≈≈≈≈≈≈≈
#### #....#
##≈≈≈≈≈≈≈≈ # #....#
##≈≈≈≈≈≈≈≈≈ #
#....###≈≈≈≈≈≈≈≈≈≈ #
#....##≈≈≈≈≈≈≈≈≈≈≈
#....##≈≈≈≈≈≈≈≈≈≈≈
#.....#≈≈≈≈≈≈≈♣..♣
#.....'.@Y.......(
#.....'h.Y5......!
#######≈≈≈≈≈≈≈♣..♣
#≈≈≈≈≈≈≈≈≈≈≈
#≈≈≈≈≈≈≈≈≈≈≈
##≈≈≈≈≈≈≈≈≈≈
##≈≈≈≈≈≈≈≈≈ ##
##≈≈≈≈≈≈≈≈ #. ###.


You could see 2 yaks, a friendly hound (summoned) and a friendly crimson imp
(summoned).

Vanquished Creatures
  A sky beast (D:5)
  An ogre (D:5)
  2 scorpions (D:4)
  4 hounds (D:5)
  An orc priest (D:5)
  An iguana (D:5)
  2 orc wizards
  4 gnolls (D:5)
  3 adders
  An ufetubus (D:5)
  2 worms
  3 dart slugs
  5 orcs
  7 endoplasms
  A giant cockroach (D:1)
  9 goblins
  4 hobgoblins
  7 quokkas
  6 ball pythons
  3 bats (D:1)
  6 frilled lizards
  7 kobolds
  8 rats
88 creatures vanquished.

Vanquished Creatures (collateral kills)
  Sigmund (D:2)
  An ice beast (D:5)
  A gnoll sergeant (D:5)
  A scorpion (D:5)
  An orc priest (D:3)
  A jelly (D:4)
  A gnoll (D:5)
  An adder (D:2)
  A dart slug (D:1)
  3 orcs (D:4)
  A ball python (D:4)
  2 endoplasms
  2 goblins
  2 jackals (D:4)
  A quokka (D:2)
  2 frilled lizards (D:1)
22 creatures vanquished.

Vanquished Creatures (others)
  An orc (D:5)
  8 plants (D:3)
9 creatures vanquished.

Grand Total: 119 creatures vanquished

Notes
Turn   | Place    | Note
-------+----------+-------------------------------------------
     0 | D:1      | siradein the Draconian Summoner began the quest for the
                  | Orb.
     0 | D:1      | Reached XP level 1. HP: 14/14 MP: 3/3
   287 | D:1      | Reached XP level 2. HP: 17/22 MP: 5/5
   290 | D:1      | Learned a level 2 spell: Call Imp
   634 | D:1      | Reached skill level 1 in Fighting
  1220 | D:1      | Reached XP level 3. HP: 28/28 MP: 3/6
  1462 | D:1      | Reached skill level 1 in Maces & Flails
  2181 | D:2      | Noticed Sigmund
  2236 | D:2      | Killed Sigmund
  2237 | D:2      | Reached XP level 4. HP: 34/37 MP: 6/8
  2237 | D:2      | Reached XP level 5. HP: 39/42 MP: 6/9
  2242 | D:2      | Learned a level 3 spell: Call Canine Familiar
  2247 | D:2      | Learned a level 4 spell: Dispel Undead
  2308 | D:2      | Found a faded altar of an unknown god.
  3052 | D:3      | Reached XP level 6. HP: 45/50 MP: 7/10
  3522 | D:3      | Identified the +7 chain mail of Free Will {+Blink rElec
                  | rF++ rCorr}
  3793 | D:4      | Reached skill level 1 in Necromancy
  4230 | D:4      | Reached skill level 5 in Summonings
  4997 | D:5      | Entered Level 5 of the Dungeon
  5009 | D:5      | Your scales start taking on a golden yellow colour.
  5009 | D:5      | Reached XP level 7. HP: 48/57 MP: 9/12
  5009 | D:5      | Gained mutation: You are resistant to acid. (rCorr) [Yellow
                  | Draconian growth]
  5618 | D:5      | Reached XP level 8. HP: 49/66 MP: 7/14
  6028 | D:5      | Slain by a yak

Illustrated notes

Levels and vault maps discovered:
D:1:      matt_arrival_refuge, layout_basic, roderic_roman_lattice
D:2:      layout_rooms, basic_ecumenical_altar, chequers_avenue, uniq_sigmund
D:3:      layout_loops_ring, serial_forest, infiniplex_forest_zigzag_2,
          infiniplex_forest_clump_curved, infiniplex_forest_clump_small,
          infiniplex_forest_side_room, infiniplex_forest_straight_2,
          infiniplex_forest_clump_diagonal, kennysheep_cluttered_room
D:4:      layout_loops_ring, grunt_ministairs_5
D:5:      kennysheep_big_flooded_room, layout_basic

Skill      XL: |  1  2  3  4  5  6  7  8 |
---------------+-------------------------+-----
Dodging        | 2 3 4 |  4.0
Fighting       | 1 2 3 4 |  4.2
Maces & Flails | 2 3 |  3.6
Spellcasting   | 3 4 |  4.1
Necromancy     | 1 2 |  2.7
Summonings     | 5 |  5.8
Stealth        | |  1.7

Action                   |  1- 3 |  4- 6 |  7- 9 || total
-------------------------+-------+-------+-------++-------
Melee: Mace              |   118 |    96 |    44 ||   258
       Unarmed           |     7 |       |       ||     7
       Tailslap          |    13 |    10 |    14 ||    37
       Punch             |     2 |     1 |       ||     3
       Flail             |       |       |    18 ||    18
 Cast: Summon Small Mamm |     3 |       |       ||     3
       Call Imp          |    12 |    16 |     9 ||    37
       Call Canine Famil |       |     5 |     8 ||    13
 Abil: Breathe Acid      |       |       |     6 ||     6
  Use: Scroll            |       |     1 |       ||     1
 Stab: Sleeping          |     4 |     3 |       ||     7
Armor: Skin              |    36 |    24 |    41 ||   101
Dodge: Dodged            |    87 |    63 |    55 ||   205

Table legend: (Time is in decaauts)
 A = Elapsed time spent in this place.
 B = Non-inter-level travel time spent in this place.
 C = Inter-level travel time spent in this place.
 D = Time resting spent in this place.
 E = Time spent auto-exploring this place.
 F = Levels seen in this place.
 G = Mean time per level.
                   A        B        C        D        E       F      G
               +--------+--------+--------+--------+--------+-----+--------+
         Total |   6116 |   5971 |    145 |     86 |   4720 |   5 | 1223.2 |
       Dungeon |   6116 |   5971 |    145 |     86 |   4720 |   5 | 1223.2 |
               +--------+--------+--------+--------+--------+-----+--------+

Top non-repeatable levels by time:
     D:1: 1694 daAuts
     D:4: 1366 daAuts
     D:3: 1095 daAuts
     D:5: 996 daAuts
     D:2: 963 daAuts
